 Dungeon Crawl Stone Soup version 0.31-a0-981-geadf994542 (webtiles) character file.

Game seed: 5145284625536165859

317 lunkers the Ruffian (level 7, -6/33 HPs)
             Began as a Meteoran Shapeshifter on Oct 30, 2023.
             Was a Follower of the Shining One.
             Splashed by a jelly's acid (9 damage)
             ... on level 5 of the Dungeon on Oct 31, 2023.
             The game lasted 00:03:22 (1681 turns).

lunkers the Ruffian (Meteoran Shapeshifter)         Turns: 1681, Time: 00:03:23

Health: -6/33      AC: -2    Str: 22    XL:     7   Next: 4%
Magic:  8/8        EV: 10    Int: 11    God:    the Shining One [*.....]
Gold:   219        SH:  0    Dex: 21    Spells: 6/6 levels left

rFire   . .          .
                       - Unarmed
rCold   . . .        (shield currently unavailable)
rNeg    + . .        a - melded +0 animal skin
rPois   .            (helmet currently unavailable)
rElec   .            (cloak currently unavailable)
rCorr   .            (gloves currently unavailable)
SInv    .            (boots currently unavailable)
Will    .....        (no amulet)
Stlth   +            j - +6 ring of dexterity
HPRegen 0.25/turn    r - ring of positive energy
MPRegen 0.11/turn

%: no passive effects
@: snake-form, corroded, glowing
A: constrict, reduced hp, large, sense surroundings 1, otherworldly, glowing,
explore regen
a: Begin Untransformation, Renounce Religion, Divine Shield


You were on level 5 of the Dungeon.
You worshipped the Shining One.
The Shining One was aware of your devotion.
You were an enormous anaconda.
You visited 1 branch of the dungeon, and saw 5 of its levels.

You collected 219 gold pieces.

Inventory:

Armour
 a - a +0 animal skin (melded)
 s - the +5 ring mail of the Tanner {Dex+6}
   (You found it on level 5 of the Dungeon)

   Dex+6:     It affects your dexterity (+6).
Jewellery
 j - a +6 ring of dexterity (left hand)
 r - a ring of positive energy (right hand)
Talismans
 c - a beast talisman
 d - a flux talisman
 q - a serpent talisman (active)
Wands
 n - a wand of paralysis (12)
 t - a wand of polymorph (6)
Scrolls
 p - a scroll of silence {unknown}
Potions
 b - a potion of lignification
 e - a potion of enlightenment {unknown}
 f - a potion of invisibility {unknown}
 g - 2 potions of resistance
 h - 2 potions of curing {unknown}
 i - a potion of berserk rage {unknown}
 k - 3 potions of brilliance
 l - 2 potions of might {unknown}
 m - 2 potions of heal wounds {unknown}
 o - a potion of cancellation {unknown}


   Skills:
 - Level 1.1 Fighting
 - Level 2.1 Dodging
 * Level 7.2 Unarmed Combat
 + Level 5.4 Shapeshifting


You had 6 spell levels left.
You didn't know any spells.
Your spell library contained the following spells:

 Spells                   Type           Power      Damage    Failure   Level
 Kiss of Death            Conj/Necr      0%         2d5       34%         1
 Confusing Touch          Hex            0%         N/A       71%         3
 Dispel Undead            Necr           0%         3d6       98%         4


Dungeon Overview and Level Annotations

Branches:
Dungeon (5/15) Zot: 1333
 Temple: D:4-7

Altars:
Ashenzari
Fedhas
Gozag
Uskayaw
Xom
The Shining One


Innate Abilities, Weirdness & Mutations

You are an enormous anaconda.
You have a powerful constriction melee attack.
Your maximum health is decreased, since you lack skill for your form.
Your armour is entirely melded.
You are incapable of wielding weapons or throwing items.
You passively map a small area around you.
You are easily found by Zot.
You glow in the dark.
You regain HP and MP as you explore.


Message History

No target in view!
You see here the +5 ring mail of the Tanner {Dex+6}.
No target in view!
No target in view!
No target in view!
s - the +5 ring mail of the Tanner {Dex+6}
Found a long copper wand and a trident.
Found three altars.
The altar is a mimic!
The altar mimic snickers and vanishes in a puff of smoke!
No target in view!
The altar is a mimic!
The altar mimic chortles and vanishes in a puff of smoke!
t - a wand of polymorph (6)
You see here a +0 plate armour.
A jelly comes into view.
An ogre comes into view. It is wielding a +0 giant spiked club.
There are monsters nearby!
The ogre shouts!
There is an open door here.
There are monsters nearby!
The jelly quivers.
You body-slam the ogre!!
You grab the ogre.
The ogre is severely wounded.
You constrict the ogre.
The ogre hits you with a +0 giant spiked club!!
Ouch! That really hurt!
* * * LOW HITPOINT WARNING * * *
You lash the ogre!
You kill the ogre!
The jelly hits you but does no damage.
Your Unarmed Combat skill increases to level 7!
You have reached level 7!
Unknown command.
You hit the jelly. The acid corrodes you!
Your hands burn!
* * * LOW HITPOINT WARNING * * *
The jelly is lightly wounded.
The jelly hits you.
* * * LOW HITPOINT WARNING * * *
The acid corrodes you!
You are splashed with acid!
You die...

#.# ########.# ##........#
##.......#.# #########
#..........# #8.8..8.#
#.........># #._..._8#
#...[.....######.......#
#.......J..#8.........8#
#.......)S.'....[......#
##.........##8.........8#
,
##..........######.....).#
..>..........# #._..._8#
,..##.........# #8.8..8.#
, .. #......<..# #########
< , ##..†....## *
................
##..###.########


You could see a jelly.

Vanquished Creatures
  An ice beast (D:4)
  An ogre (D:5)
  An iguana (D:5)
  2 gnolls (D:1)
  5 adders
  A dart slug (D:4)
  An orc (D:3)
  6 ball pythons
  2 bats
  5 endoplasms
  4 giant cockroaches
  5 goblins
  6 hobgoblins
  3 quokkas
  A frilled lizard (D:2)
  5 kobolds
  6 rats
55 creatures vanquished.

Notes
Turn   | Place    | Note
-------+----------+-------------------------------------------
     0 | D:1      | lunkers the Meteoran Shapeshifter began the quest for the
                  | Orb.
     0 | D:1      | Reached XP level 1. HP: 16/16 MP: 2/2
    97 | D:1      | Reached XP level 2. HP: 20/23 MP: 3/3
   100 | D:1      | Reached skill level 4 in Unarmed Combat
   200 | D:1      | Reached XP level 3. HP: 28/28 MP: 4/4
   369 | D:1      | Reached XP level 4. HP: 22/35 MP: 5/5
   487 | D:2      | Reached skill level 5 in Unarmed Combat
   950 | D:3      | Found an opulent altar of Gozag.
   962 | D:3      | Upgraded the game from 0.31-a0-978-g1e143483b6 to
                  | 0.31-a0-981-geadf994542
  1023 | D:3      | Reached XP level 5. HP: 40/40 MP: 6/6
  1130 | D:3      | Found a faded altar of an unknown god.
  1179 | D:3      | Prayed at the altar of an unknown god.
  1179 | D:3      | Became a worshipper of the Shining One
  1179 | D:3      | Reached * piety under the Shining One
  1496 | D:4      | Found a blossoming altar of Fedhas.
  1500 | D:4      | Noticed an ice beast
  1508 | D:4      | Killed an ice beast
  1509 | D:4      | Reached skill level 6 in Unarmed Combat
  1509 | D:4      | Reached skill level 5 in Shapeshifting
  1509 | D:4      | Reached XP level 6. HP: 21/47 MP: 7/7
  1625 | D:5      | Entered Level 5 of the Dungeon
  1652 | D:5      | Found an iron altar of Okawaru.
  1655 | D:5      | Found a shimmering altar of Xom.
  1655 | D:5      | Found a hide-covered altar of Uskayaw.
  1656 | D:5      | Identified the +5 ring mail of the Tanner {Dex+6}
  1658 | D:5      | Found a blossoming altar of Fedhas.
  1658 | D:5      | Found a shimmering altar of Xom.
  1658 | D:5      | Found a broken altar of Ashenzari.
  1675 | D:5      | Noticed an ogre
  1680 | D:5      | Killed an ogre
  1681 | D:5      | Reached skill level 7 in Unarmed Combat
  1681 | D:5      | Reached XP level 7. HP: 7/52 MP: 8/8
  1681 | D:5      | Splashed by a jelly's acid

Illustrated notes

Levels and vault maps discovered:
D:1:      minmay_arrival_doors, layout_loops_corners
D:2:      layout_basic
D:3:      layout_rooms, lemuel_round_altar, ebering_ecumenical_altar_petrified,
          kennysheep_path_1, dreamdust_wishing_well
D:4:      layout_rooms, fedhas_altar_fruit_tree, hangedman_decor_points,
          minmay_surrounded
D:5:      layout_rooms, doesnt_xom_only_xom, mainiacjoe_overflow_chevrons,
          temple_green

Skill      XL: |  1  2  3  4  5  6 |
---------------+-------------------+-----
Unarmed Combat | 4 5 6 7 |  7.2
Shapeshifting  | 4 5 |  5.4
Fighting       | |  1.1
Dodging        | |  2.1

Action                     |  1- 3 |  4- 6 |  7- 9 || total
---------------------------+-------+-------+-------++-------
  Melee: Unarmed           |    58 |    83 |     1 ||   142
         Punch             |     1 |     2 |       ||     3
         Constrict         |       |     3 |       ||     3
    Use: Scroll            |       |     6 |       ||     6
 Armour: Animal skin       |    24 |    39 |       ||    63
         Skin              |       |     5 |     1 ||     6
  Dodge: Dodged            |    21 |    65 |       ||    86
   Form: Anaconda          |       |     1 |       ||     1

Table legend: (Time is in decaauts)
 A = Elapsed time spent in this place.
 B = Non-inter-level travel time spent in this place.
 C = Inter-level travel time spent in this place.
 D = Time resting spent in this place.
 E = Time spent auto-exploring this place.
 F = Levels seen in this place.
 G = Mean time per level.
                   A        B        C        D        E       F      G
               +--------+--------+--------+--------+--------+-----+--------+
         Total |   1666 |   1556 |    110 |     22 |   1105 |   5 |  333.2 |
       Dungeon |   1666 |   1556 |    110 |     22 |   1105 |   5 |  333.2 |
               +--------+--------+--------+--------+--------+-----+--------+

Top non-repeatable levels by time:
     D:2: 497 daAuts
     D:1: 408 daAuts
     D:4: 393 daAuts
     D:3: 312 daAuts
     D:5: 54 daAuts
